 Dungeon Crawl Stone Soup version 0.23-a0-8-gb809bb7 (webtiles) character file.

37 Kuinu the Skirmisher (level 3, 33/33 HPs)
             Began as a Draconian Berserker on Aug 1, 2018.
             Was a Believer of Trog.
             Got out of the dungeon alive.
             The game lasted 00:02:46 (892 turns).

Kuinu the Skirmisher (Draconian Berserker)           Turns: 892, Time: 00:02:46

Health: 33/33      AC:  5    Str: 20    XL:     3   Next: 21%
Magic:  3/3        EV: 12    Int:  7    God:    Trog [**....]
Gold:   45         SH:  0    Dex: 10    Spells: 2/2 levels left

rFire    . . .     SeeInvis .   a - +0 falchion
rCold    . . .     Gourm    .   (no shield)
rNeg     . . .     Faith    .   (armour unavailable)
rPois    .         Spirit   .   (helmet restricted)
rElec    .         Reflect  .   (no cloak)
rCorr    .         Harm     .   (no gloves)
MR       .....                  (no boots)
Stlth    +.........             (no amulet)
HPRegen  0.11/turn              (no ring)
MPRegen  0.08/turn              (no ring)

@: no status effects
A: unfitting armour, cold-blooded, AC +5
a: Berserk, Trog's Hand, Renounce Religion


You escaped.
You worshipped Trog.
Trog was pleased with you.
You were not hungry.

You visited 1 branch of the dungeon, and saw 1 of its levels.

You collected 45 gold pieces.

Inventory:

Hand Weapons
 a - a +0 falchion (weapon)
Jewellery
 h - a cursed -5 ring of strength {unknown}
Scrolls
 d - a scroll of remove curse {unknown}
 g - a scroll of identify {unknown}
Potions
 c - a potion of heal wounds {unknown}
 e - 2 potions of invisibility {unknown}
Comestibles
 b - a ration


   Skills:
 * Level 4.0 Fighting
 * Level 3.5 Long Blades
 + Level 3.0 Dodging


You had 2 spell levels left.
You didn't know any spells.
Your spell library was empty.

Dungeon Overview and Level Annotations

Branches:
Dungeon (1/15)

Altars:


Innate Abilities, Weirdness & Mutations

Your plain brown scales are hard. (AC +5)
You cannot fit into any form of body armour.
You are cold-blooded and may be slowed by cold attacks.


Message History

You see here a leather armour.
You see here a dagger.
There is a stone staircase leading down here.
There is an open door here.
There is an open door here.
There is an open door here.
There is an open door here.
There is an open door here.
There is a staircase leading out of the dungeon here.
You can't go down here!
Are you sure you want to leave the Dungeon?
This will make you lose the game!
Alright, then stay!
Are you sure you want to leave the Dungeon?
This will make you lose the game!
Uppercase [Y]es or [N]o only, please.
Are you sure you want to leave the Dungeon?
This will make you lose the game!
Alright, then stay!
Are you sure you want to leave the Dungeon?
This will make you lose the game!
Uppercase [Y]es or [N]o only, please.
Are you sure you want to leave the Dungeon?
This will make you lose the game!
You have escaped!

##.## ##...###..##
########.#.####.....#####
#()..)..#####'.......'##
###.######.#.#.##.....##.#
............###.##...##.##
..........### ##'##.##'##
###.#####.# ##.#####.## ###.###
#.#####...###...## ......#
#....'..@(.'(....# ### ###.#.#
#.#####...###...## ##..
###.#.###...(###.## ##.### ##.#.
#..........##.##########.####.##.
#.#.#.#.#..###.#.##.#.#.#........
....#.#.........###.#..###.##.###
#.#.#.#.#..###.## #.#.## ##.##.##
#..........# #.# #..## ##.##..
###.#####.## #.# #.#.## ##(#####


There were no monsters in sight!

Vanquished Creatures
  A dart slug (D:1)
  A ball python (D:1)
  A giant cockroach (D:1)
  3 goblins (D:1)
  3 hobgoblins (D:1)
  6 jackals (D:1)
  5 bats (D:1)
  A frilled lizard (D:1)
  5 kobolds (D:1)
  4 rats (D:1)
30 creatures vanquished.

Notes
Turn   | Place    | Note
-------+----------+-------------------------------------------
     0 | D:1      | Kuinu the Draconian Berserker began the quest for the Orb.
     0 | D:1      | Reached XP level 1. HP: 19/19 MP: 1/1
   205 | D:1      | Reached XP level 2. HP: 26/26 MP: 2/2
   400 | D:1      | Reached XP level 3. HP: 11/33 MP: 3/3
   414 | D:1      | Reached ** piety under Trog
   575 | D:1      | Reached skill level 4 in Fighting
   892 | D:$      | Got out of the dungeon alive.

Vault maps used:
D:1:      dpeg_arrival_rhombi

Skill      XL: |  1  2  3 |
---------------+----------+-----
Dodging        | 3 |  3.0
Fighting       | 4 |  4.0
Long Blades    | |  3.5

Action                   || total
-------------------------++-------
Melee: Falchion          ||    77
       Tailslap          ||    13
Armor: Skin              ||    24
Dodge: Dodged            ||    59
       Rpst.: Falchion   ||    19

Table legend:
 A = Spawn XP
 B = Non-spawn XP
 C = Spawn XP percentage of total XP
 D = Spawn monster count
 E = Non-spawn monster count
 F = Spawn count percentage of total count
 G = Total turns spent on level
                    A         B        C        D         E        F      G
               +---------+---------+-------+---------+---------+-------+---------
         Total |       0 |      53 |   0.0 |       0 |      30 |   0.0 |   892
               +---------+---------+-------+---------+---------+-------+---------
           D:1 |       0 |      53 |   0.0 |       0 |      30 |   0.0 |   892
               +---------+---------+-------+---------+---------+-------+---------
